Map: Shrines of Lizul

Players

Amy - Winner!

  • Race: Zerg Zerg
  • Spawn Location: 9:00

PureLegacy - Winner!

  • Race: Terran Terran
  • Spawn Location: 6:00

IlIlIlIlIll

  • Race: Zerg Zerg
  • Spawn Location: 12:00

llllllllllll

  • Race: Protoss Protoss
  • Spawn Location: 3:00

VOD

Have the link to the VOD?

Description

Time

  • Played on: Nov. 22, 2018, 8:14 a.m.
  • Length: 2:50
Show
View Real Time Build Order
Export as new Build Order

Amy Zerg - Winner!

Build Orders: Pool Only 

Get SALT Encoding   

  12  0:01  Drone  
  13  0:22  Extractor  
  13  0:26  Spawning Pool  
  11  0:28  Drone  
  11  0:34  Drone  
  13  0:41  Drone  
  14  0:49  Overlord  
  14  1:13  Zergling x6  
  17  1:24  Zergling x2  
  18  1:38  Zergling x2  
  19  1:52  Drone  
  20  1:56  Spine Crawler  
  20  1:58  Spine Crawler  
  20  2:00  Spine Crawler  
  16  2:06  Zergling x2  
  17  2:12  Zergling x2  
  18  2:22  Drone  
  18  2:29  Drone  
Show
View Real Time Build Order
Export as new Build Order

PureLegacy Terran - Winner!

Build Orders:  

Get SALT Encoding   

  12  0:01  SCV  
  13  0:13  SCV  
  14  0:20  Supply Depot  
  14  0:25  SCV  
  15  0:29  Refinery  
  15  0:41  SCV  
  16  0:47  Barracks  
  16  0:53  SCV  
  17  1:04  Barracks  
  17  1:37  Barracks  
  17  1:49  Reaper  
  17  2:10  Reaper  
Show
View Real Time Build Order
Export as new Build Order

IlIlIlIlIll Zerg 

Build Orders: Pool Only 

Get SALT Encoding   

  12  0:01  Drone  
  13  0:08  Drone  
  14  0:20  Extractor  
  13  0:30  Spawning Pool  
  13  0:33  Drone  
  13  0:37  Drone  
  14  0:54  Overlord  
  14  0:57  Extractor  
  14  0:58  Drone  
  15  1:18  Zergling x4  
  15  1:19  Zergling x2  
  15  1:21  Metabolic Boost  
  18  1:29  Queen  
  20  1:33  Zergling x2  
  21  2:23  Drone  
  21  2:27  Spine Crawler  
  21  2:28  Spine Crawler  
  21  2:29  Spine Crawler  
  18  2:31  Spine Crawler  
  18  2:32  Spine Crawler  
  18  2:33  Spine Crawler x3  
  18  2:35  Drone x2  
  18  2:36  Drone  
  16  2:37  Spine Crawler  
Show
View Real Time Build Order
Export as new Build Order

llllllllllll Protoss 

Build Orders: Cannon Rush 

Get SALT Encoding   

  1  0:00  Probe  
  13  0:07  Probe  
  14  0:20  Pylon  
  14  0:23  Probe  
  15  0:43  Probe, Forge  
  16  0:55  Probe  
  16  0:56  Pylon  
  17  1:15  Photon Cannon  
  17  1:17  Pylon  
  16  1:43  Photon Cannon  
  16  1:44  Photon Cannon  
  16  1:46  Photon Cannon  
  16  1:47  Photon Cannon  
  16  1:50  Photon Cannon  
  16  1:54  Photon Cannon  
  16  1:56  Photon Cannon  
  16  2:06  Photon Cannon  
  13  2:09  Probe  
  6  2:17  Probe  
Tags
 
Add a new tag
Caveats
  • Supply blocks, unpowered buildings, or Contaminate may cause inaccurate times.
  • Supply counts are checked every 10 seconds.